 Dungeon Crawl Stone Soup version 0.26-a0-642-g67e99244d3 (webtiles) character file.

Game seed: 18054755269474420312

707574 MrRokkomies the Acrobat (level 27, -14/179 HPs)
             Began as a Deep Elf Conjurer on Sept 21, 2020.
             Was the Champion of Vehumet.
             Killed from afar by a golden dragon (20 damage)
             ... with a bolt of cold
             ... on level 5 of the Realm of Zot on Sept 22, 2020.
             The game lasted 04:18:54 (99068 turns).

MrRokkomies the Acrobat (Deep Elf Conjurer)        Turns: 99068, Time: 04:18:54

Health: -14/179    AC: 36    Str: 17    XL:     27
Magic:  22/46      EV: 25    Int: 41    God:    Vehumet [******]
Gold:   4344       SH:  6    Dex: 11    Spells: 8/70 levels left

rFire    + + +     SeeInvis +   a - staff of conjuration
rCold    + . .     Faith    .   T - +2 buckler {rC+}
rNeg     + . .     Spirit   .   S - +6 fire dragon scales
rPois    .         Reflect  .   F - +2 helmet {SInv}
rElec    +         Harm     .   A - +2 cloak {rCorr}
rCorr    +         Rampage  .   D - +0 pair of gloves of the Hare {rC+}
MR       +++..                  Z - +2 pair of boots of Ashenzari's Hope {+Inv rElec rF+ Str+6 Dex-2}
Stlth    +.........             y - amulet of the Devil {Regen+ Int+4}
HPRegen  0.00/turn              W - ring of Leseiv {rN+ EV+4 Stlth+}
MPRegen  0.30/turn              M - ring of Ziujunkemuc {*Slow rF+ MR+ Str+7}

@: silence, no potions, very slightly contaminated, lightly drained, invisible
A: iridescent scales 1, molten scales 1, low mp 1, inhibited regeneration,
sturdy frame 1
}: 4/15 runes: barnacled, slimy, silver, gossamer
a: Renounce Religion


You were on level 5 of the Realm of Zot.
You worshipped Vehumet.
Vehumet was exalted by your worship.
You visited 12 branches of the dungeon, and saw 58 of its levels.
You also visited: Ice Cave and Volcano.

You collected 9134 gold pieces.
You spent 4790 gold pieces at shops.

Inventory:

Hand Weapons
 b - the +9 staff of Olgreb {rPois∞}
   (You took it off Arachne on level 3 of the Spider Nest)

   It grants immunity to poison.
Missiles
 l - 166 poisoned darts (quivered)
 B - 8 throwing nets
Armour
 A - a +2 cloak of preservation (worn)
 D - the +0 pair of gloves of the Hare (worn) {rC+}
   (You bought it in a shop on level 14 of the Dungeon)

   It protects you from cold.
 F - a +2 helmet of see invisible (worn)
 S - +6 fire dragon scales (worn)
 T - a +2 buckler of cold resistance (worn)
 Z - the +2 pair of boots of Ashenzari's Hope (worn) {+Inv rElec rF+ Str+6 Dex-2}
   (You found it on level 6 of the Lair of Beasts)

   It affects your strength (+6).
   It affects your dexterity (-2).
   It protects you from fire.
   It insulates you from electricity.
   It lets you turn invisible.
Magical Staves
 a - an uncursed staff of conjuration (weapon)
Jewellery
 m - the ring "Danerch" {rElec rF++ rCorr Slay+3}
   (You found it on level 5 of the Pits of Slime)

   [ring of resist corrosion]

   It affects your accuracy and damage with ranged weapons and melee attacks
   (+3).
   It greatly protects you from fire.
   It insulates you from electricity.
   It provides partial protection from all sources of acid and corrosion.
 y - the amulet of the Devil (around neck) {Regen+ Int+4}
   (You took it off a deep elf annihilator on level 3 of the Elven Halls)

   [amulet of regeneration]

   It affects your intelligence (+4).
   It increases your rate of regeneration.
 M - the ring of Ziujunkemuc (right hand) {*Slow rF+ MR+ Str+7}
   (You took it off a deep elf master archer on level 3 of the Elven Halls)

   [ring of protection from fire]

   It affects your strength (+7).
   It protects you from fire.
   It affects your resistance to hostile enchantments.
   It may slow you when you take damage.
 P - the ring "Ysiq" {rN+ Str+6 Int+4}
   (You bought it in a shop on level 14 of the Dungeon)

   [ring of strength]

   It affects your strength (+6).
   It affects your intelligence (+4).
   It protects you from negative energy.
 R - the ring of Betzang {rC+ rN+ MP+9 Str+2 Dex-5}
   (You found it on level 5 of the Pits of Slime)

   [ring of protection from cold]

   It affects your strength (+2).
   It affects your dexterity (-5).
   It protects you from cold.
   It protects you from negative energy.
   It affects your magic capacity (+9).
 W - the ring of Leseiv (left hand) {rN+ EV+4 Stlth+}
   (You found it on level 5 of the Pits of Slime)

   [ring of evasion]

   It affects your evasion (+4).
   It protects you from negative energy.
   It makes you more stealthy.
 X - the ring of Xaicloira {rElec MR- Int+5 Dex+6 SInv}
   (You acquired it on level 1 of the Shoals)

   [ring of dexterity]

   It affects your intelligence (+5).
   It affects your dexterity (+6).
   It insulates you from electricity.
   It affects your resistance to hostile enchantments.
   It lets you see invisible.
Wands
 c - a wand of acid (47)
 t - a wand of paralysis (39)
 C - a wand of iceblast (56)
 I - a wand of enslavement (19)
 L - a wand of disintegration (34)
 O - a wand of digging (26)
Scrolls
 d - 14 scrolls of amnesia
 e - 19 scrolls of identify
 k - 3 scrolls of summoning
 n - 8 scrolls of fear
 q - 19 scrolls of teleportation
 v - 33 scrolls of remove curse
 z - 7 scrolls of magic mapping
 J - 2 scrolls of fog
 Q - a scroll of brand weapon
 Y - 5 scrolls of immolation
Potions
 f - 9 potions of lignification
 g - 23 potions of curing
 h - 7 potions of might
 j - 4 potions of cancellation
 p - 5 potions of resistance
 r - 9 potions of brilliance
 s - 11 potions of heal wounds
 u - 8 potions of haste
 w - 6 potions of flight
 x - 2 potions of magic
 H - 6 potions of mutation
 K - 5 potions of berserk rage
 N - 2 potions of invisibility
 U - a potion of ambrosia
Miscellaneous
 i - a tin of tremorstones (2/3)
 o - a phial of floods
 E - a box of beasts (3/3)
 G - a lightning rod (4/4)
 V - a condenser vane (1/2)


   Skills:
 * Level 20.3(20.0) Fighting
 - Level 12.0(11.7) Staves
 * Level 16.2(15.9) Armour
 + Level 22.8(22.5) Dodging
 - Level 2.4(2.2) Stealth
 - Level 4.0(3.8) Shields
 - Level 22.0(21.7) Spellcasting
 - Level 20.0(19.7) Conjurations
 - Level 5.0(4.8) Translocations
 - Level 20.0(19.7) Fire Magic
 - Level 20.0(19.7) Ice Magic
   Level 8.0(7.8) Poison Magic
 - Level 10.0(9.8) Evocations


You had 8 spell levels left.
You knew the following spells:

 Your Spells              Type           Power        Failure   Level
a - Orb of Destruction    Conj           ########..   1%          7
b - Ignition              Fire           ########..   1%          8
c - Fire Storm            Conj/Fire      ########..   9%          9
d - Iskenderun's Mystic   Conj/Tloc      ########     1%          4
e - Starburst             Conj/Fire      ########..   1%          6
g - Fireball              Conj/Fire      ########..   0%          5
h - Freezing Cloud        Conj/Ice/Air   ########..   1%          6
i - Blink                 Tloc           N/A          1%          2
j - Absolute Zero         Ice            ########..   9%          9
k - Statue Form           Tmut/Erth      #####....    83%         6

Your spell library contained the following spells:

 Spells                   Type           Power        Failure   Level
 Shatter                  Erth           #####.....   100%        9
 Tornado                  Air            #####.....   100%        9
 Foxfire                  Conj/Fire      ####         0%          1
 Freeze                   Ice            ####         0%          1
 Magic Dart               Conj           ####         0%          1
 Searing Ray              Conj           ######       0%          2
 Conjure Flame            Conj/Fire      ########     0%          3
 Hailstorm                Conj/Ice       ########     0%          4
 Sticky Flame             Conj/Fire      ########     0%          4
 Iskenderun's Battlesphe  Conj           ########     0%          5
 Animate Skeleton         Necr           #####.       1%          1
 Beastly Appendage        Tmut           #####.       1%          1
 Corona                   Hex            #####..      1%          1
 Pain                     Necr           ####         1%          1
 Sandblast                Erth           #####.       1%          1
 Sting                    Tmut/Pois      ####         1%          1
 Summon Small Mammal      Summ           ####         1%          1
 Call Imp                 Summ           #####...     1%          2
 Corpse Rot               Necr/Air       N/A          1%          2
 Ensorcelled Hibernation  Hex/Ice        ######       1%          2
 Passwall                 Tmut/Erth      #####...     1%          2
 Poisonous Vapours        Pois/Air       ######       1%          2
 Slow                     Hex            #####...     1%          2
 Sublimation of Blood     Necr           #####.....   1%          2
 Swiftness                Air            #####...     1%          2
 Wereblood                Tmut           #####...     1%          2
 Dazzling Flash           Conj/Hex       ######       1%          3
 Gell's Gravitas          Tloc           ######....   1%          3
 Ignite Poison            Fire/Tmut/Pois #######.     1%          3
 Inner Flame              Hex/Fire       #######.     1%          3
 Mephitic Cloud           Conj/Pois/Air  ########     1%          3
 Portal Projectile        Hex/Tloc       ######       1%          3
 Spider Form              Tmut/Pois      ######....   1%          3
 Stone Arrow              Conj/Erth      ######       1%          3
 Fulminant Prism          Conj/Hex       ########..   1%          4
 Ice Form                 Ice/Tmut       #######.     1%          4
 Olgreb's Toxic Radiance  Pois           #######.     1%          4
 Passage of Golubria      Tloc           N/A          1%          4
 Summon Ice Beast         Ice/Summ       #######.     1%          4
 Bolt of Magma            Conj/Fire/Erth ########..   1%          5
 Irradiate                Conj/Tmut      ########..   1%          5
 Metabolic Englaciation   Hex/Ice        #######...   1%          5
 Conjure Ball Lightning   Conj/Air       ########..   1%          6
 Iron Shot                Conj/Erth      ########..   1%          6
 Call Canine Familiar     Summ           #####...     3%          3
 Confusing Touch          Hex            #####...     3%          3
 Summon Guardian Golem    Hex/Summ       #####...     3%          3
 Tukima's Dance           Hex            #####...     3%          3
 Vampiric Draining        Necr           #####.....   3%          3
 Alistair's Intoxication  Tmut/Pois      ######...    5%          5
 Lee's Rapid Deconstruct  Erth           #####.....   7%          5
 Yara's Violent Unravell  Hex/Tmut       #####.....   7%          5
 Animate Dead             Necr           #####.....   10%         4
 Cause Fear               Hex            #####.....   10%         4
 Leda's Liquefaction      Hex/Erth       #####.....   10%         4
 Petrify                  Tmut/Erth      #####...     10%         4
 Summon Lightning Spire   Summ/Air       #####...     10%         4
 Summon Forest            Summ/Tloc      ######....   10%         5
 Agony                    Necr           #####...     26%         5
 Blade Hands              Tmut           #####.....   26%         5
 Borgnjor's Vile Clutch   Necr/Erth      #####.....   26%         5
 Silence                  Hex/Air        #####.....   26%         5
 Summon Demon             Summ           #####.....   26%         5
 Summon Mana Viper        Hex/Summ       #####...     26%         5
 Chain Lightning          Conj/Air       ########..   28%         8
 Lehudib's Crystal Spear  Conj/Erth      ########..   28%         8
 Eringya's Noxious Bog    Tmut/Pois      ######....   30%         6
 Hydra Form               Tmut           #####.....   83%         6
 Invisibility             Hex            #####...     83%         6
 Shadow Creatures         Summ           N/A          83%         6
 Summon Hydra             Summ           #####.....   100%        7


Dungeon Overview and Level Annotations

Branches:
Dungeon (15/15)            Temple (1/1) D:7            Lair (6/6) D:8
 Shoals (4/4) Lair:3       Spider (4/4) Lair:3        Slime (5/5) Lair:5
    Orc (2/2) D:12            Elf (3/3) Orc:2        Vaults (5/5) D:14
  Crypt (3/3) Vaults:3       Tomb (0/3) Crypt:3      Depths (5/5) D:15
    Zot (5/5) Depths:5      IceCv (visited)         Volcano (visited)

Altars:
Ashenzari
Cheibriados
Dithmenos
Elyvilon
Fedhas
Gozag
Hepliaklqana
Kikubaaqudgha
Makhleb
Nemelex Xobeh
Okawaru
Qazlal
Ru
Sif Muna
Trog
Uskayaw
Vehumet
Wu Jian
Xom
Yredelemnul
Zin
The Shining One
Beogh
Jiyva

Shops:
D:5 !   D:8 !   D:12 *   D:14 =[   Orc:2 :*[(   Elf:3 }   Shoals:1 **(
Vaults:2 =   Vaults:3 }   Depths:1 !:}}

Portals:
Hell: Depths:1 Depths:2 Depths:3 Depths:4 Depths:5
Abyss: Depths:4
Pandemonium: Depths:3
Ziggurat: Depths:4

Annotations:
Orc:2 2 runed translucent doors, smajdalf's ghost, journeyman TeAE
Crypt:2 2 transporters, Onnun's ghost, veteran GrFi
Depths:2 3 runed translucent doors, Anicvumpo's ghost, adept DsGl; Parr's ghost, veteran TrMo; Zuugaiju's ghost, adept DDFi


Innate Abilities, Weirdness & Mutations

You are partially covered in iridescent scales. (AC +2)
You are partially covered in molten scales. (AC +2)
Your magical capacity is low. (-10% MP)
You do not regenerate when monsters are visible.
Your movements are slightly less encumbered by armour. (ER -2)


Message History

* * * LOW HITPOINT WARNING * * *
The curse toe gestures.
The ancient lich touches you!
* * * LOW HITPOINT WARNING * * *
You partially resist.
You feel drained.
* * * LOW HITPOINT WARNING * * *
Evoke which item? (* to show all) (? for menu, Esc to quit)
Okay, then.
Evoke which item? (* to show all) (? for menu, Esc to quit)
The tremorstone explodes into fragments!
The burst of rock shards engulfs the golden dragon but does no damage.
The burst of rock shards engulfs the wandering mushroom!
The burst of rock shards engulfs the golden dragon.
The burst of rock shards engulfs the golden dragon!
The burst of rock shards engulfs the golden dragon but does no damage.
The burst of rock shards engulfs the wandering mushroom!
The burst of rock shards engulfs you but does no damage.
The golden dragon breathes cold at you. The bolt of cold hits you!! You resist.
You die...

*,,,,,,,,,^,,,,,,,,,,,,,,***,,,,
*,,,,,,,,,,,,,^,,,,,,,,,,* *****
**,,,,,,,,,,,,,,,,^,,,,,**
**,,,,,,,,,,,,,,,,,,,***
**,,,,.2X,,,,,,,,****
**^,,.*##▓▓▓▓▓▓▓▓▓▓▓#
**,,,,.....L§§§§..^..###
**,,,,,.....§pf8§.##...^##
**,^,,,,..§)[§f@L§..###...######
*^,,,,,,...^§§§§z○^..###........
*,,,,,,,.....D§§§§...# ##.......
*,,,,,,,...§§§§§§§§§.# #)......
*,,,,,,,^..§§§....§§.# ##......
*,,,,,,,...§§§...§§§.# #......
*,,,,,^,.............# ##......
**,,,,,,............## #......)
**,,,,,,,,,,,,,,,,** ##.......


You could see a Killer Klown, a golden dragon (catching breath), 2 ancient
liches, a curse toe and 2 wandering mushrooms.

Vanquished Creatures
  the Royal Jelly (Slime:5)
  4 ancient liches
  3 orbs of fire
  A juggernaut (Depths:4)
  The ghost of UristMcRaven the Drop of Water, a veteran GnCj of Ru (Zot:5)
  4 Killer Klowns
  Xtahua (Crypt:1)
  Frederick (Depths:3)
  2 caustic shrikes (Depths:4)
  Saint Roka (Elf:3)
  5 curse toes
  Nikola (Spider:3)
  2 bone dragons
  17 golden dragons
  4 electric golems
  9 liches
  26 tentacled monstrosities
  8 Orb Guardians (Zot:5)
  2 deep elf blademasters (Elf:3)
  8 quicksilver dragons
  9 titans
  16 acid blobs
  2 deep elf master archers (Elf:3)
  8 death cobs
  Kirke (Spider:2)
  The ghost of sneaky the Warrior, an adept MiFi of Okawaru (Shoals:1)
  An ancient champion (Crypt:1)
  14 tengu reavers
  Polyphemus (Shoals:4)
  3 sphinxes
  18 storm dragons
  7 draconian monks
  14 azure jellies
  10 shadow dragons
  12 frost giants
  18 fire giants
  9 draconian scorchers
  2 deep elf sorcerers
  13 vault wardens
  A balrug (Depths:2)
  An orc warlord (Orc:2)
  An iron dragon (Depths:4)
  Louise (Elf:2)
  10 draconian knights
  7 draconian shifters
  An emperor scorpion (Spider:3)
  6 ghost moths
  2 draconian stormcallers
  3 spriggan defenders
  2 deep elf elementalists
  Aizul (Crypt:1)
  A juggernaut zombie (Depths:4)
  26 stone giants
  A reaper (Crypt:2)
  7 draconian annihilators
  2 ghouls (Crypt:1)
  19 ironheart preservers
  4 war gargoyles (Crypt:3)
  18 very ugly things
  8 entropy weavers
  8 green draconians
  11 black draconians
  Nessos (Lair:4)
  8 deep elf demonologists
  7 vampire knights
  A dire elephant (D:15)
  14 white draconians
  10 yellow draconians
  10 deep elf annihilators
  9 spark wasps
  14 red draconians
  4 merfolk javelineers
  8 purple draconians
  2 eidola
  16 ettins
  3 crystal guardians (Crypt:3)
  12 merfolk impalers
  Josephine (Lair:4)
  10 fire dragons
  9 deep elf death magi
  7 death oozes (Slime:5)
  5 deep elf high priests
  15 jiangshi
  10 ice dragons
  10 great orbs of eyes
  5 hydras
  Harold (Lair:2)
  40 vault guards
  5 spriggan air magi
  17 yaktaur captains
  5 rakshasas
  11 centaur warriors
  3 catoblepae
  4 merfolk avatars
  An alligator snapping turtle (Shoals:4)
  13 ogre magi
  2 merfolk aquamancers (Shoals:4)
  32 dancing weapons
  49 two-headed ogres
  3 death knights
  5 tengu warriors
  3 satyrs (Shoals:4)
  9 death yaks
  8 vampire magi
  15 deep troll shamans
  3 orc high priests (Orc:2)
  A titan zombie (Depths:4)
  A hell hog (Volcano)
  14 deep troll earth magi
  Urug (Lair:2)
  9 spriggan berserkers
  27 deep elf knights
  7 hell knights
  A spriggan (Depths:1)
  A titan skeleton (Crypt:1)
  A fire crab (shapeshifter) (Depths:1)
  7 iron trolls
  A spark wasp zombie (Crypt:1)
  2 shadow wraiths
  A storm dragon zombie (Crypt:3)
  An unseen horror (D:14)
  3 salamander mystics
  28 skeletal warriors
  10 sea snakes
  29 deep trolls
  3 deep trolls (shapeshifter)
  A golden dragon zombie (Crypt:3)
  7 flayed ghosts
  3 wizards
  18 necromancers
  An obsidian statue (Shoals:1)
  7 phantasmal warriors
  9 glowing orange brains
  A lindwurm (Lair:6)
  24 harpies
  12 ironbrand convokers
  A golden dragon skeleton (Depths:4)
  An anaconda skeleton (Crypt:3)
  8 deep elf archers
  A wolf spider zombie (D:14)
  An iron dragon zombie (Crypt:3)
  50 ugly things
  A mana viper (shapeshifter) (Vaults:5)
  17 orc knights
  18 orb spiders
  An oklob plant (Shoals:1)
  54 deep elf magi
  A salamander (shapeshifter) (Vaults:4)
  7 fauns
  20 wolf spiders
  2 human zombies
  2 shining eyes (Slime:2)
  12 cyclopes
  14 manticores
  3 fire giant zombies
  19 moths of wrath
  15 salamanders
  10 orc sorcerers
  4 elephants (Lair:6)
  A stone giant skeleton (Crypt:3)
  2 frost giant skeletons
  An ice statue (IceCv)
  2 black mambas (shapeshifter)
  3 black mambas
  10 merfolk sirens
  11 vault sentinels
  4 molten gargoyles
  3 centaur zombies
  A water nymph (Shoals:3)
  2 torpor snails (Spider:1)
  14 cane toads
  A gargoyle (Volcano)
  2 yaktaurs (shapeshifter)
  A dire elephant skeleton (Crypt:2)
  An eye of devastation (Slime:5)
  A minotaur zombie (Crypt:1)
  5 komodo dragons
  9 demonic crawlers
  2 rime drakes (D:13)
  A rime drake (shapeshifter) (Vaults:1)
  41 yaktaurs
  A harpy zombie (Crypt:1)
  A purple draconian skeleton (Crypt:1)
  19 freezing wraiths
  A black draconian zombie (Crypt:1)
  4 tengu conjurers
  A red devil (Depths:2)
  A golden dragon simulacrum (Depths:2)
  13 jumping spiders
  9 trolls
  A hydra zombie (Crypt:2)
  12 hornets
  A jumping spider (shapeshifter) (Vaults:4)
  A polar bear (Vaults:3)
  2 queen bees (shapeshifter)
  A meliai (shapeshifter) (Depths:1)
  9 wind drakes
  29 merfolk
  A bog body (Crypt:1)
  Grinder (D:3)
  14 blink frogs
  2 blink frogs (shapeshifter)
  A spriggan zombie (Depths:2)
  An ettin zombie (Crypt:2)
  2 fire dragon zombies (Crypt:3)
  12 hippogriffs
  80 slime creatures
  A snapping turtle (shapeshifter) (Vaults:2)
  A stone giant simulacrum (Vaults:3)
  11 dream sheep
  9 snapping turtles
  A raiju (shapeshifter) (Vaults:2)
  A frost giant simulacrum (Vaults:2)
  49 redbacks
  An ettin skeleton (Crypt:3)
  An ice dragon skeleton (Crypt:3)
  A spriggan (shapeshifter) (Vaults:2)
  A dire elephant simulacrum (Crypt:1)
  29 flying skulls (Crypt:3)
  A spriggan skeleton (Depths:2)
  31 tarantellas
  10 water elementals
  Sigmund (D:2)
  2 yaks (shapeshifter)
  An alligator skeleton (Crypt:1)
  A shadow (D:15)
  41 yaks
  4 wyverns
  7 fire bats
  5 fire elementals
  3 hogs (Spider:2)
  A basilisk (shapeshifter) (Depths:1)
  7 golden eyes (Slime:5)
  3 large abominations (Elf:1)
  12 wraiths
  A human (shapeshifter) (Elf:3)
  A hog (shapeshifter) (Vaults:4)
  A yaktaur simulacrum (Vaults:3)
  A steam dragon (Volcano)
  2 vampire mosquitoes (D:12)
  A death yak simulacrum (IceCv)
  A swamp worm (shapeshifter) (Vaults:5)
  A merfolk zombie (Crypt:1)
  4 wargs
  An acid dragon (Vaults:2)
  17 water moccasins
  4 hell hounds
  11 porcupines
  4 floating eyes
  2 black bears
  7 elf zombies
  47 orc warriors
  A phantom (D:6)
  A cane toad skeleton (Crypt:3)
  An ettin simulacrum (Vaults:3)
  9 ice beasts
  A black bear (shapeshifter) (Depths:3)
  An alligator simulacrum (IceCv)
  7 sky beasts
  3 eyes of draining
  2 necrophages
  30 ogres
  A manticore zombie (Crypt:3)
  5 boggarts
  An ogre (shapeshifter) (Vaults:4)
  16 wolves
  13 centaurs
  2 orc skeletons
  6 small abominations
  7 crocodiles
  A swamp dragon skeleton (Crypt:3)
  A big kobold (D:7)
  A rime drake zombie (Crypt:1)
  Blork the orc (D:5)
  27 bullfrogs
  An octopode zombie (Crypt:2)
  A merfolk simulacrum (Crypt:2)
  2 elf skeletons
  A wyvern zombie (D:11)
  An earth elemental (Elf:3)
  A gnoll sergeant (D:12)
  A cyclops zombie (Crypt:2)
  2 water moccasin zombies
  A water moccasin skeleton (D:8)
  A wyvern skeleton (D:7)
  7 scorpions
  4 killer bees (D:10)
  An elephant simulacrum (IceCv)
  An orc simulacrum (Vaults:1)
  9 wights
  A polar bear skeleton (Crypt:2)
  An electric eel (Spider:1)
  2 lava snakes (Volcano)
  4 bullfrog zombies
  5 draconian simulacra (IceCv)
  4 hounds
  2 jellies
  Crazy Yiuf (D:2)
  30 orc priests
  A black bear skeleton (Crypt:2)
  3 bullfrog skeletons
  4 centaur skeletons
  Jessica (D:2)
  7 iguanas
  9 hell rats
  38 orc wizards
  12 worker ants
  A polar bear simulacrum (IceCv)
  7 troll simulacra (IceCv)
  A killer bee zombie (D:9)
  2 spriggan simulacra (IceCv)
  3 centaur simulacra (IceCv)
  A hound zombie (D:9)
  7 gnolls
  An ogre simulacrum (IceCv)
  12 adders
  2 naga simulacra (IceCv)
  2 shadow imps (D:9)
  13 white imps
  2 ufetubi
  4 oozes
  An adder zombie (D:8)
  A halfling skeleton (Crypt:1)
  5 worms
  5 dart slugs
  3 leopard geckos
  126 orcs
  7 giant cockroaches
  10 hobgoblins
  14 jackals
  2 quokkas
  6 bats
  6 frilled lizards
  A gnoll skeleton (Crypt:2)
  7 goblins
  A hobgoblin skeleton (Crypt:2)
  8 kobolds
  An orc zombie (Crypt:2)
  5 rats
  4 blocks of ice
  A bush (Shoals:4)
  5 crawling corpses (Vaults:5)
  A fulminant prism (Orc:2)
2569 creatures vanquished.

Vanquished Creatures (collateral kills)
  Arachne (Spider:3)
  A quicksilver dragon (Zot:2)
  2 ghost moths
  A black draconian (Zot:1)
  A spark wasp (Spider:4)
  A demonic crawler (Spider:3)
  A redback (Spider:3)
8 creatures vanquished.

Vanquished Creatures (others)
  A green draconian (Zot:5)
  A molten gargoyle (D:13)
  An ogre (Vaults:2)
  40 blocks of ice
  A crawling corpse (Vaults:5)
  23 fire vortices
  12 fulminant prisms
  45 fungi
  102 plants
226 creatures vanquished.

Grand Total: 2803 creatures vanquished

Notes
Turn   | Place    | Note
-------+----------+-------------------------------------------
     0 | D:1      | MrRokkomies the Deep Elf Conjurer began the quest for the
                  | Orb.
     0 | D:1      | Reached XP level 1. HP: 10/10 MP: 6/6
   236 | D:1      | Reached XP level 2. HP: 15/15 MP: 4/8
   286 | D:1      | Learned a level 2 spell: Searing Ray
  1072 | D:1      | Reached XP level 3. HP: 20/20 MP: 5/9
  1400 | D:2      | Found a sparkling altar of Nemelex Xobeh.
  1401 | D:2      | Found a bloodstained altar of Trog.
  1422 | D:2      | Found a white marble altar of Elyvilon.
  1423 | D:2      | Found a blossoming altar of Fedhas.
  1423 | D:2      | Found a basalt altar of Yredelemnul.
  1517 | D:2      | Found a snail-covered altar of Cheibriados.
  1518 | D:2      | Reached skill level 5 in Conjurations
  1712 | D:2      | Noticed Jessica
  1717 | D:2      | Killed Jessica
  1717 | D:2      | Reached skill level 1 in Fighting
  1717 | D:2      | Reached XP level 4. HP: 25/25 MP: 8/11
  1863 | D:2      | Found a runed translucent door.
  1864 | D:2      | Noticed Crazy Yiuf
  2182 | D:2      | Noticed Sigmund
  2189 | D:2      | Killed Sigmund
  2189 | D:2      | Reached XP level 5. HP: 29/29 MP: 7/13
  2320 | D:2      | Reached XP level 6. HP: 35/35 MP: 10/14
  2554 | D:2      | Killed Crazy Yiuf
  2965 | D:4      | Reached skill level 5 in Dodging
  3091 | D:3      | Noticed Grinder
  3104 | D:3      | Paralysed by Grinder for 2 turns
  3156 | D:3      | Killed Grinder
  3156 | D:3      | Reached skill level 5 in Spellcasting
  3156 | D:3      | Reached XP level 7. HP: 22/40 MP: 5/16
  3518 | D:3      | Found a glowing silver altar of Zin.
  3690 | D:3      | Found a faded altar of an unknown god.
  3972 | D:4      | Learned a level 4 spell: Fulminant Prism
  3977 | D:4      | Learned a level 4 spell: Iskenderun's Mystic Blast
  4262 | D:4      | Reached XP level 8. HP: 45/45 MP: 11/18
  4305 | D:4      | Reached skill level 1 in Translocations
  4578 | D:5      | Entered Level 5 of the Dungeon
  5044 | D:5      | Found Notryot's Distillery.
  5056 | D:5      | Bought a potion of heal wounds for 75 gold pieces
  5130 | D:5      | Noticed Blork the orc
  5135 | D:5      | Killed Blork the orc
  6152 | D:6      | Reached XP level 9. HP: 51/51 MP: 9/19
  6688 | D:7      | Found a staircase to the Ecumenical Temple.
  6708 | Temple   | Entered the Ecumenical Temple
  6792 | Temple   | Became a worshipper of Vehumet
  7810 | D:7      | Found a sacrificial altar of Ru.
  7927 | D:8      | Got a blackened leather armour
  7938 | D:8      | Identified the cursed +1 leather armour "Pupid" {rF+ Str+4}
                  | (You found it on level 8 of the Dungeon)
  7999 | D:8      | Found Itrooc's Distillery.
  8014 | D:8      | Bought a potion of heal wounds for 75 gold pieces
  8059 | D:8      | Learned a level 4 spell: Olgreb's Toxic Radiance
  8063 | D:8      | Learned a level 3 spell: Ignite Poison
  8154 | D:8      | Reached skill level 1 in Poison Magic
  8353 | D:8      | Found a staircase to the Lair.
  8386 | D:8      | Reached * piety under Vehumet
  8386 | D:8      | Offered knowledge of Sandblast by Vehumet.
  8762 | D:8      | Found a glowing golden altar of the Shining One.
  8963 | D:8      | Reached skill level 10 in Dodging
  9044 | D:9      | Noticed a two-headed ogre
  9146 | D:9      | Found a stormy altar of Qazlal.
  9320 | D:9      | Reached XP level 10. HP: 58/58 MP: 6/20
  9698 | D:9      | Killed a two-headed ogre
  9698 | D:9      | Reached skill level 10 in Conjurations
  9863 | D:9      | Noticed a two-headed ogre
  9870 | D:9      | Killed a two-headed ogre
  9870 | D:9      | Reached skill level 5 in Fighting
  9870 | D:9      | Reached skill level 5 in Poison Magic
 10372 | D:10     | Entered Level 10 of the Dungeon
 10529 | D:10     | Reached ** piety under Vehumet
 10529 | D:10     | Offered knowledge of Shock by Vehumet.
 11919 | D:11     | Noticed a two-headed ogre
 11929 | D:11     | Killed a two-headed ogre
 11929 | D:11     | Reached XP level 11. HP: 46/64 MP: 13/21
 12592 | D:11     | Noticed a cyan ugly thing
 12602 | D:11     | Killed a cyan ugly thing
 13250 | D:12     | Offered knowledge of Static Discharge by Vehumet.
 13350 | D:12     | Reached skill level 1 in Evocations
 13557 | D:12     | Found a staircase to the Orcish Mines.
 13671 | D:12     | Reached *** piety under Vehumet
 13898 | D:12     | Found Agal's Elemental Accessories.
 14172 | D:12     | Noticed a purple ugly thing
 14181 | D:12     | Killed a purple ugly thing
 14423 | D:12     | Noticed a two-headed ogre
 14427 | D:12     | Killed a two-headed ogre
 14770 | Orc:1    | Entered Level 1 of the Orcish Mines
 14783 | Orc:1    | Offered knowledge of Stone Arrow by Vehumet.
 15040 | Orc:2    | Entered Level 2 of the Orcish Mines
 15041 | Orc:2    | Noticed an orc sorcerer
 15044 | Orc:2    | Noticed an orc knight
 15047 | Orc:2    | Killed an orc sorcerer
 15047 | Orc:2    | Reached skill level 5 in Evocations
 15164 | Orc:2    | Killed an orc knight
 15313 | Orc:2    | Found a roughly hewn altar of Beogh.
 15419 | Orc:2    | Noticed an orc sorcerer
 15419 | Orc:2    | Noticed an orc high priest
 15421 | Orc:2    | Reached XP level 12. HP: 49/72 MP: 20/22
 15426 | Orc:2    | Reached **** piety under Vehumet
 15426 | Orc:2    | Killed an orc high priest
 15427 | Orc:2    | Noticed an orc warlord
 15430 | Orc:2    | Noticed an orc high priest
 15431 | Orc:2    | Offered knowledge of Conjure Flame by Vehumet.
 15437 | Orc:2    | Killed an orc high priest
 15439 | Orc:2    | Killed an orc warlord
 15439 | Orc:2    | Noticed an orc high priest
 15542 | Orc:2    | Paralysed by an orc sorcerer for 7 turns
 15549 | Orc:2    | Killed an orc high priest
 16149 | Orc:1    | Found a roughly hewn altar of Beogh.
 16402 | Orc:2    | Found a large runed translucent door.
 16402 | Orc:2    | Found a large runed translucent door.
 16404 | Orc:2    | Noticed smajdalf's ghost (journeyman TeAE)
 16451 | Orc:2    | Found a staircase to the Elven Halls.
 16570 | Orc:2    | Reached ***** piety under Vehumet
 16570 | Orc:2    | Offered knowledge of Conjure Ball Lightning by Vehumet.
 17045 | Orc:2    | Found Ezihet's General Store.
 17045 | Orc:2    | Found Odeklyl's Book Shoppe.
 17046 | Orc:2    | Found Zadd's Antique Armour Emporium.
 17046 | Orc:2    | Found Nitel's Antique Weapon Emporium.
 17062 | Orc:2    | Bought a book of Fire for 975 gold pieces
 17068 | Orc:2    | Learned a level 5 spell: Fireball
 17299 | Lair:1   | Entered Level 1 of the Lair of Beasts
 17446 | Lair:1   | Reached skill level 1 in Fire Magic
 17450 | Lair:1   | Noticed a seven-headed hydra
 17458 | Lair:1   | Killed a seven-headed hydra
 17910 | Lair:1   | Reached XP level 13. HP: 80/80 MP: 12/25
 18069 | Lair:1   | Got a silken robe
 18081 | Lair:1   | Identified the cursed +0 robe of Dyspraxia {Str+4} (You
                  | found it on level 1 of the Lair of Beasts)
 18416 | Lair:2   | Noticed Harold
 18424 | Lair:2   | Killed Harold
 18715 | Lair:2   | Noticed Urug
 18720 | Lair:2   | Killed Urug
 19851 | Lair:3   | Found a hole to the Spider Nest.
 20085 | Lair:3   | Found a staircase to the Shoals.
 20291 | Lair:3   | Offered knowledge of Ozocubu's Refrigeration by Vehumet.
 20296 | Lair:3   | Reached skill level 5 in Fire Magic
 21687 | Lair:4   | Noticed Josephine
 21691 | Lair:4   | Killed Josephine
 21868 | Lair:4   | Reached skill level 10 in Evocations
 21990 | Lair:4   | Noticed Nessos
 21993 | Lair:4   | Killed Nessos
 22249 | Lair:5   | Found a dark tunnel.
 22254 | Volcano  | Entered a volcano
 22644 | Volcano  | Found a radiant altar of Vehumet.
 22682 | Volcano  | Got a smoking helmet
 22698 | Volcano  | Identified the +1 helmet "Orral" {Harm rElec rF- Dex+8}
                  | (You found it in a volcano)
 22937 | Volcano  | Noticed a fire dragon
 22944 | Volcano  | Killed a fire dragon
 22944 | Volcano  | Reached XP level 14. HP: 67/87 MP: 23/28
 23670 | Lair:5   | Reached skill level 10 in Fighting
 23890 | Lair:5   | Found a viscous altar of Jiyva.
 23890 | Lair:5   | Found a staircase to the Slime Pits.
 24357 | Lair:6   | Entered Level 6 of the Lair of Beasts
 25957 | Lair:6   | Offered knowledge of Freezing Cloud by Vehumet.
 25965 | Lair:6   | Learned a level 6 spell: Freezing Cloud
 26128 | Lair:6   | Reached skill level 5 in Translocations
 26633 | Lair:6   | Got a pair of shimmering boots
 26639 | Lair:6   | Identified the +2 pair of boots of Ashenzari's Hope {+Inv
                  | rElec rF+ Str+6 Dex-2} (You found it on level 6 of the Lair
                  | of Beasts)
 27062 | D:13     | Found a frozen archway.
 27074 | IceCv    | Entered an ice cave
 27129 | IceCv    | Reached skill level 1 in Armour
 27200 | IceCv    | Reached skill level 10 in Spellcasting
 27381 | IceCv    | Found an ancient bone altar of Kikubaaqudgha.
 27834 | IceCv    | Got an encrusted ring mail
 27835 | IceCv    | Identified the cursed +1 ring mail "Kock" {rPois rCorr}
                  | (You found it in an ice cave)
 29016 | D:14     | Found Rieraigg's Antique Armour Shoppe.
 29020 | D:14     | Bought a pair of faintly humming gloves for 266 gold pieces
 29020 | D:14     | Identified the cursed +0 pair of gloves of the Hare {rC+}
                  | (You bought it in a shop on level 14 of the Dungeon)
 29043 | D:14     | Reached skill level 1 in Shields
 29166 | D:14     | Reached skill level 10 in Fire Magic
 29675 | D:14     | Found a gate to the Vaults.
 29684 | D:14     | Reached XP level 15. HP: 51/92 MP: 25/31
 29690 | D:14     | Offered knowledge of Irradiate by Vehumet.
 29996 | D:14     | Found Suzxic's Jewellery Emporium.
 30833 | D:14     | Identified the Incunabulum of Freezing Conjuration
 30920 | D:15     | Entered Level 15 of the Dungeon
 31042 | D:15     | Reached skill level 15 in Conjurations
 31050 | D:15     | Reached skill level 5 in Armour
 31202 | D:15     | Found a staircase to the Depths.
 31206 | D:15     | HP: 3/92 [manticore/volley of spikes (14)]
 32050 | D:15     | Learned a level 2 spell: Blink
 32804 | Spider:1 | Entered Level 1 of the Spider Nest
 33440 | Spider:1 | Noticed a ghost moth
 33448 | Spider:1 | Killed a ghost moth
 34767 | Spider:1 | Offered knowledge of Bolt of Magma by Vehumet.
 35553 | Spider:2 | Noticed Kirke
 35561 | Spider:2 | Killed Kirke
 36255 | Spider:3 | Noticed Arachne
 36693 | Spider:3 | Noticed Nikola
 36709 | Spider:3 | Killed Nikola
 36709 | Spider:3 | Reached XP level 16. HP: 69/97 MP: 9/32
 37393 | Spider:3 | HP: 1/97 [Arachne/the +9 staff of Olgreb {rPois∞} (13)]
 37732 | Spider:3 | Killed Arachne
 37732 | Spider:3 | Reached skill level 1 in Ice Magic
 38069 | Spider:3 | Learned a level 6 spell: Starburst
 38409 | Spider:4 | Entered Level 4 of the Spider Nest
 39235 | Spider:4 | Reached skill level 5 in Ice Magic
 39555 | Spider:4 | Offered knowledge of Orb of Destruction by Vehumet.
 39557 | Spider:4 | Reached ****** piety under Vehumet
 41084 | Spider:4 | Got a gossamer rune of Zot
 41411 | Lair:3   | Learned a level 7 spell: Orb of Destruction
 41439 | Shoals:1 | Entered Level 1 of the Shoals
 41954 | Shoals:1 | Found Vulyih's Weapon Emporium.
 42074 | Shoals:1 | Found a runed translucent gate.
 42074 | Shoals:1 | Found a runed translucent gate.
 42074 | Shoals:1 | Found a runed translucent gate.
 42077 | Shoals:1 | Found an opulent altar of Gozag.
 42080 | Shoals:1 | Noticed sneaky's ghost (adept MiFi)
 42082 | Shoals:1 | Found Qigolun's Assorted Antiques.
 42082 | Shoals:1 | Found Obocat's Assorted Antiques.
 42477 | Shoals:1 | Offered knowledge of Chain Lightning by Vehumet.
 42477 | Shoals:1 | Reached skill level 10 in Ice Magic
 42966 | Shoals:1 | Reached XP level 17. HP: 47/102 MP: 24/34
 42977 | Shoals:1 | Killed sneaky's ghost
 43331 | Shoals:1 | Bought a papyrus book for 420 gold pieces
 43331 | Shoals:1 | Bought a sparkling turquoise ring for 140 gold pieces
 43331 | Shoals:1 | Bought a scroll labeled QOTARGH ET IDOL for 28 gold pieces
 43331 | Shoals:1 | Acquired the ring of Xaicloira {rElec MR- Int+5 Dex+6 SInv}
 43332 | Shoals:1 | Identified the ring of Ynluad {Str-5 Dex+5 SInv} (You
                  | bought it in a shop on level 1 of the Shoals)
 44255 | Shoals:2 | Reached skill level 15 in Fire Magic
 45561 | Shoals:4 | Entered Level 4 of the Shoals
 45700 | Shoals:4 | Noticed Polyphemus
 46328 | Shoals:4 | Offered knowledge of Shatter by Vehumet.
 46328 | Shoals:4 | Offered knowledge of Tornado by Vehumet.
 46391 | Shoals:4 | Got a barnacled rune of Zot
 46943 | Shoals:4 | Killed Polyphemus
 48613 | Shoals:4 | Reached XP level 18. HP: 87/110 MP: 29/36
 48994 | Vaults:1 | Entered Level 1 of the Vaults
 49074 | Vaults:1 | Learned a level 8 spell: Ignition
 52786 | Vaults:2 | Identified the +11 broad axe of Watchfulness {vorpal, rElec
                  | rC+ Stlth+} (You found it on level 2 of the Vaults)
 53333 | Vaults:2 | Found Goylic's Jewellery Shop.
 54945 | Vaults:3 | Reached XP level 19. HP: 105/117 MP: 14/39
 55090 | Vaults:3 | Found Pywupp Ajiul's Gadget Emporium.
 55102 | Vaults:3 | Bought a tin of tremorstones (3/3) for 800 gold pieces
 55125 | Vaults:3 | Found a staircase to the Crypt.
 55125 | Vaults:3 | Found a basalt altar of Yredelemnul.
 55126 | Vaults:3 | Found an ancient bone altar of Kikubaaqudgha.
 55284 | Vaults:3 | Reached skill level 15 in Dodging
 55467 | Vaults:3 | Found the +8 glaive of the Guard {elec, +Rage AC+5 SInv}
 55604 | Vaults:3 | You fall into a shaft and drop 1 floor!
 55609 | Vaults:4 | Reached skill level 1 in Staves
 56634 | Vaults:3 | Found a blossoming altar of Fedhas.
 57003 | Vaults:3 | Reached skill level 15 in Spellcasting
 57950 | Vaults:4 | Reached XP level 20. HP: 114/126 MP: 27/41
 58219 | Vaults:4 | Paralysed by a hornet for 3 turns
 58927 | Vaults:4 | Reached skill level 5 in Staves
 60426 | Elf:1    | Entered Level 1 of the Elven Halls
 61628 | Elf:1    | Identified the Incunabulum of Dark Magic
 61928 | Elf:2    | Noticed Louise
 61935 | Elf:2    | Killed Louise
 62440 | Elf:2    | Found a huge runed translucent gate.
 62440 | Elf:2    | Found a huge runed translucent gate.
 62440 | Elf:2    | Found a huge runed translucent gate.
 62440 | Elf:2    | Found a huge runed translucent gate.
 62447 | Elf:2    | Found a huge runed translucent gate.
 64137 | Elf:3    | Entered Level 3 of the Elven Halls
 64255 | Elf:3    | Found Dies Ruo's Gadget Shop.
 64262 | Elf:3    | Found an ancient bone altar of Kikubaaqudgha.
 64338 | Elf:3    | Noticed Saint Roka
 64342 | Elf:3    | Killed Saint Roka
 64342 | Elf:3    | Reached XP level 21. HP: 109/132 MP: 32/42
 65274 | Elf:3    | Identified the +8 dagger "Ciejyacw" {speed, *Noise rPois
                  | Int+6}
 65294 | Elf:3    | Identified the +4 scale mail of Wucesur {rPois rF+}
 65515 | Elf:3    | Identified the +4 plate armour of the Wasteland {rF+
                  | Regen+}
 65515 | Elf:3    | Identified the ring of the Sky {*Corrode rElec MR- EV+4
                  | Slay+5}
 65725 | Elf:3    | Identified the amulet of the Devil {Regen+ Int+4}
 65726 | Elf:3    | Identified the ring of Ziujunkemuc {*Slow rF+ MR+ Str+7}
 65728 | Elf:3    | Identified the +9 great sword of Kismet {protect, Int+6
                  | Dex-2}
 66074 | Elf:3    | Reached skill level 15 in Fighting
 66720 | D:14     | Bought the ring "Ysiq" {rN+ Str+6 Int+4} for 1171 gold
                  | pieces
 66917 | Crypt:1  | Entered Level 1 of the Crypt
 67208 | Crypt:1  | Noticed Aizul
 67228 | Crypt:1  | Killed Aizul
 67371 | Vaults:3 | Learned a level 9 spell: Fire Storm
 67479 | Crypt:1  | Noticed Xtahua
 67483 | Crypt:1  | Killed Xtahua
 69043 | Crypt:2  | Found a transporter.
 69046 | Crypt:2  | Noticed Onnun's ghost (veteran GrFi)
 69076 | Crypt:2  | Found a transporter.
 69087 | Crypt:2  | Found the brooch of Shielding {Spirit SH+8}
 69768 | Crypt:3  | Entered Level 3 of the Crypt
 69926 | Crypt:3  | Reached XP level 22. HP: 140/140 MP: 13/44
 71008 | Crypt:3  | Found an ancient bone altar of Kikubaaqudgha.
 71008 | Crypt:3  | Noticed an ancient lich
 71013 | Crypt:3  | Killed an ancient lich
 72382 | Crypt:3  | Found a staircase to the Tomb.
 72961 | Depths:1 | Entered Level 1 of the Depths
 73228 | Depths:1 | Reached skill level 10 in Staves
 73573 | Depths:1 | Found a gateway to Hell.
 73630 | Depths:1 | Identified the ring "Mylut" {Fire *Drain rPois Int+4 Slay+3
                  | SInv}
 73800 | Depths:1 | Found Olam's Gadget Emporium.
 73870 | Depths:1 | Found Jadalewn's Gadget Emporium.
 73871 | Depths:1 | Found Huolaew's Distillery.
 73887 | Depths:1 | Found Viriuxt's Book Emporium.
 73898 | Depths:1 | Bought a potion of curing for 45 gold pieces
 73898 | Depths:1 | Bought a potion of heal wounds for 75 gold pieces
 73898 | Depths:1 | Bought a potion of heal wounds for 75 gold pieces
 73898 | Depths:1 | Bought a potion of heal wounds for 75 gold pieces
 73947 | Depths:1 | Found a hide-covered altar of Uskayaw.
 74452 | Depths:1 | You fall into a shaft and drop 1 floor!
 74537 | Depths:2 | Reached XP level 23. HP: 144/144 MP: 19/47
 74753 | Depths:2 | Found a runed translucent gate.
 74754 | Depths:2 | Found a runed translucent gate.
 74755 | Depths:2 | Found a runed translucent gate.
 74756 | Depths:2 | Noticed Zuugaiju's ghost (adept DDFi)
 74756 | Depths:2 | Noticed Parr's ghost (veteran TrMo)
 74756 | Depths:2 | Noticed Anicvumpo's ghost (adept DsGl)
 74757 | Depths:2 | Noticed Parr's ghost (veteran TrMo)
 75073 | Depths:2 | Found the +6 shillelagh "Devastator" {shatter}
 76998 | Depths:3 | Found a one-way gate leading to the halls of Pandemonium.
 77011 | Depths:3 | Noticed Frederick
 77016 | Depths:3 | Killed Frederick
 77100 | Depths:3 | Found a burning altar of Makhleb.
 77416 | Depths:3 | Found a radiant altar of Vehumet.
 77417 | Depths:3 | Found a hide-covered altar of Uskayaw.
 78999 | Depths:3 | Reached XP level 24. HP: 150/150 MP: 9/49
 80231 | Depths:4 | Noticed a juggernaut
 80236 | Depths:4 | Killed a juggernaut
 80652 | Depths:4 | Identified the cursed ring of Moodiness {rC+ Dex-4 Slay-4
                  | Stlth+}
 80700 | Depths:4 | Learned a level 9 spell: Absolute Zero
 80707 | Depths:4 | Learned a level 6 spell: Statue Form
 81107 | Depths:4 | Identified the +9 hand axe "Irumump" {holy, rC+++ MP+9
                  | Str-4 Dex-5}
 81290 | Depths:4 | Found a one-way gate to the infinite horrors of the Abyss.
 81570 | Depths:4 | Found a gateway to a ziggurat.
 82288 | Depths:5 | Entered Level 5 of the Depths
 82974 | Depths:5 | Reached XP level 25. HP: 144/156 MP: 31/51
 83638 | Depths:5 | Reached skill level 15 in Ice Magic
 84329 | Depths:5 | Found a gate to the Realm of Zot.
 84856 | Slime:1  | Entered Level 1 of the Pits of Slime
 85107 | Slime:2  | Gained mutation: You do not regenerate when monsters are
                  | visible. [a shining eye]
 85310 | Slime:2  | Gained mutation: Scrolls take you a little longer to read.
                  | [a shining eye]
 85666 | Slime:5  | Entered Level 5 of the Pits of Slime
 85958 | Slime:5  | Found a viscous altar of Jiyva.
 85974 | Slime:5  | Reached skill level 10 in Armour
 86133 | Slime:5  | Noticed the Royal Jelly
 86136 | Slime:5  | Killed the Royal Jelly
 86288 | Slime:5  | Got a wavering lead ring
 86294 | Slime:5  | Identified the ring of Betzang {rC+ rN+ MP+9 Str+2 Dex-5}
                  | (You found it on level 5 of the Pits of Slime)
 86315 | Slime:5  | Identified the Disquisition on the Ensnaring Rocks
 86320 | Slime:5  | Got a slimy rune of Zot
 86322 | Slime:5  | Got a heavily runed golden ring
 86325 | Slime:5  | Identified the ring "Danerch" {rElec rF++ rCorr Slay+3}
                  | (You found it on level 5 of the Pits of Slime)
 86354 | Slime:5  | Identified the ring of Leseiv {rN+ EV+4 Stlth+} (You found
                  | it on level 5 of the Pits of Slime)
 86951 | Vaults:5 | Entered Level 5 of the Vaults
 87191 | Vaults:4 | Lost mutation: Scrolls take you a little longer to read.
                  | [potion of mutation]
 87191 | Vaults:4 | Gained mutation: You are frail. (-10% HP) [potion of
                  | mutation]
 87191 | Vaults:4 | Gained mutation: You are partially covered in iridescent
                  | scales. (AC +2) [potion of mutation]
 87191 | Vaults:4 | Gained mutation: You are resistant to electric shocks.
                  | (rElec) [potion of mutation]
 87192 | Vaults:4 | Lost mutation: You are resistant to electric shocks.
                  | (rElec) [potion of mutation]
 87192 | Vaults:4 | Lost mutation: You are frail. (-10% HP) [potion of
                  | mutation]
 87192 | Vaults:4 | Gained mutation: You are partially covered in molten
                  | scales. (AC +2) [potion of mutation]
 87192 | Vaults:4 | Gained mutation: Your magical capacity is low. (-10% MP)
                  | [potion of mutation]
 87192 | Vaults:4 | Gained mutation: Your movements are slightly less
                  | encumbered by armour. (ER -2) [potion of mutation]
 87217 | Vaults:5 | Reached XP level 26. HP: 124/166 MP: 25/46
 87866 | Vaults:5 | Got a silver rune of Zot
 88071 | Vaults:5 | Identified the ring "Nizoto" {rN+ MR+}
 88702 | Vaults:5 | Found the +4 dagger "Morg" {pain, MR+ Int+5}
 88883 | Vaults:5 | Found the +7 great mace "Firestarter" {inner flame, rF++}
 90369 | Zot:1    | Entered Level 1 of the Realm of Zot
 91963 | Zot:2    | Noticed an orb of fire
 91975 | Zot:2    | Killed an orb of fire
 91975 | Zot:2    | Reached XP level 27. HP: 134/174 MP: 35/46
 93577 | Zot:3    | Found a huge runed gate.
 93577 | Zot:3    | Found a huge runed gate.
 93577 | Zot:3    | Found a huge runed gate.
 93577 | Zot:3    | Found a huge runed gate.
 93578 | Zot:3    | Found a huge runed gate.
 93593 | Zot:3    | Found a huge runed gate.
 93647 | Zot:3    | Found a huge runed gate.
 93647 | Zot:3    | Found a huge runed gate.
 93648 | Zot:3    | Found a huge runed gate.
 93649 | Zot:3    | Found a huge runed gate.
 93653 | Zot:3    | Found a huge runed gate.
 93993 | Zot:3    | Noticed an orb of fire
 93995 | Zot:3    | Killed an orb of fire
 94130 | Zot:3    | Found a huge runed gate.
 94130 | Zot:3    | Found a huge runed gate.
 94130 | Zot:3    | Found a huge runed gate.
 94132 | Zot:3    | Found a huge runed gate.
 94135 | Zot:3    | Found a huge runed gate.
 94206 | Zot:3    | Found a huge runed gate.
 94206 | Zot:3    | Found a huge runed gate.
 94207 | Zot:3    | Found a huge runed gate.
 94208 | Zot:3    | Found a huge runed gate.
 94211 | Zot:3    | Found a huge runed gate.
 94786 | Zot:3    | Noticed an orb of fire
 94786 | Zot:3    | Noticed an ancient lich
 94786 | Zot:3    | Noticed an ancient lich
 94788 | Zot:3    | Killed an ancient lich
 94788 | Zot:3    | Killed an ancient lich
 94789 | Zot:3    | Killed an orb of fire
 95166 | Zot:4    | Reached skill level 15 in Armour
 96217 | Zot:5    | Entered Level 5 of the Realm of Zot
 96794 | D:5      | Bought a potion of magic for 120 gold pieces
 96794 | D:5      | Bought a potion of haste for 150 gold pieces
 96794 | D:5      | Bought a potion of haste for 150 gold pieces
 96794 | D:5      | Bought a potion of resistance for 150 gold pieces
 97541 | Zot:5    | Found a runed translucent door.
 97547 | Zot:5    | Noticed UristMcRaven's ghost (veteran GnCj)
 97565 | Zot:5    | Killed UristMcRaven's ghost
 99021 | Zot:5    | Noticed an ancient lich
 99024 | Zot:5    | Killed an ancient lich
 99059 | Zot:5    | Noticed an ancient lich
 99061 | Zot:5    | Noticed an ancient lich
 99067 | Zot:5    | HP: 7/179 [ancient lich (10)]
 99068 | Zot:5    | Killed from afar by a golden dragon

Illustrated notes

Levels and vault maps discovered:
D:1:      minmay_arrival_floating_metal, layout_loops_corners
D:2:      layout_rooms, kennysheep_slug_shrine, grunt_temple_overflow_open,
          kennysheep_generic_room_5, uniq_crazy_yiuf_cottage, uniq_jessica,
          uniq_sigmund
D:3:      layout_basic, nicolae_overflow_crystal_walls,
          chequers_ecumenical_altar_simple_redux, kennysheep_generic_room_3,
          uniq_grinder
D:4:      layout_cave_pools
D:5:      layout_basic, serial_shops, shop, uniq_blork_the_orc
D:6:      layout_gridville
D:7:      layout_basic, nicolae_ru_awakened_eye, minmay_temple_entry_junction
D:8:      layout_loops_ring, marbit_many_paths, lair_entry_dummy, serial_shops,
          nicolae_shop_waterfront
D:9:      layout_rooms, nicolae_qazlal_general_emergency
D:10:     layout_basic, lemuel_another_geyser
D:11:     layout_basic, grunt_ministairs_2
D:12:     layout_gridville, david_orc_1_choice, nicolae_elemental_shop
D:13:     layout_roguey, portal_ice_cave_rime, minivault_8
D:14:     cheibrodos_hippocracy, layout_loops_ring, erik_vaults_2, serial_shops,
          shop, shop_fountains, drop_trap
D:15:     hangedman_depths_entry_try_elsewhere_first, layout_layer_cave,
          hangedman_abyss_or_decor_passed, st_stairs_13
Temple:   nicolae_temple_hex_pool
Lair:1:   layout_misc_corridors
Lair:2:   dragon1_lemuel, layout_chaotic_city, infiniplex_staircase_pool_2,
          uniq_harold, uniq_urug
Lair:3:   layout_roguey, minmay_shoals_entry_lonely_mermaid,
          nicolae_spider_entry_non_spiders, lemuel_fruit_tree
Lair:4:   layout_roguey, grunt_megastairs_2, uniq_josephine, uniq_nessos
Lair:5:   layout_loops_ring, dpeg_slime_entry_enclosed_altar, enter_volcano_4,
          grunt_megastairs_5, serial_bayou_shore_a
Lair:6:   grunt_lair_end_beastmaster, layout_small_grid
Shoals:1: layout_shoals, serial_shops,
          nicolae_shop_temple_entry_statues_fountains, ebering_ghost_gozag,
          dpeg_stationary_puzzle
Shoals:2: layout_shoals
Shoals:3: layout_shoals
Shoals:4: shoals_end_simple, layout_shoals, yaktaur_hedge, uniq_polyphemus
Spider:1: layout_spider_delve
Spider:2: layout_spider_delve, uniq_kirke
Spider:3: layout_spider_delve, uniq_nikola, uniq_arachne
Spider:4: johnstein_spider_rune_arachne_lair
Slime:1:  layout_caves
Slime:2:  layout_caves
Slime:3:  layout_caves
Slime:4:  layout_caves
Slime:5
Orc:1:    layout_diamond_mine, basic_altar
Orc:2:    st_orc_congregation, layout_diamond_mine, ebering_ghost_disaster_area,
          basic_altar
Elf:1:    eino_elf_arrival_customs, layout_geoelf_octagon,
          minmay_elf_necromancy, moated_statue, hex_large
Elf:2:    layout_loops_corners, uniq_louise
Elf:3:    elf_hall_gauntlet_narrow, layout_geoelf_grid, basic_altar,
          serial_shops, shop, uniq_saint_roka
Vaults:1: st_smaller_cells, nicolae_vaults_triangles, vaults_mumra_hex,
          ontoclasm_vaults_ring_small, nicolae_vaults_alarming,
          ontoclasm_vaults_tryst, nicolae_vaults_network_square,
          grunt_vaults_hallway_short, layout_vaults_quadrants
Vaults:2: v_misc_16, vaults_standard_mumra_lines, hangedman_vaults_slice,
          v_rooms_3, grunt_vaults_funnel, ontoclasm_vaults_ring_large,
          hangedman_vaults_slice, hangedman_vaults_maws,
          layout_vaults_chaotic_city, serial_shops,
          nicolae_shop_competitors_out_of_business
Vaults:3: ontoclasm_vaults_ligature, serial_ice_h,
          minmay_guarded_unrand_guard_vaults, nicolae_vaults_little_squares_6,
          minmay_crypt_entry_necro_gods, hangedman_vaults_corner_blocks,
          hangedman_vaults_stretched_pinwheel, ontoclasm_vaults_ring_square,
          hangedman_vaults_stream, nicolae_vaults_network_quinsquares
          [nicolae_vaults_network_quincunx_subvault,
          nicolae_vaults_network_quincunx_subvault,
          nicolae_vaults_network_quincunx_subvault,
          nicolae_vaults_network_quincunx_subvault], vaults_mumra_lcd,
          nicolae_vaults_little_squares_5, nicolae_vaults_mini_display_case,
          nicolae_vaults_border_crossing, layout_vaults_ring, basic_altar,
          serial_shops, shop
Vaults:4: grunt_vaults_twisty, dpeg_vaults_monster_box,
          hangedman_vaults_stitches, v_misc_12, vaults_mumra_minichess,
          hangedman_vaults_river_flow, ontoclasm_vaults_decontamination,
          serial_ice_b, nicolae_vaults_hallways_thing,
          ontoclasm_vaults_misaligned, hangedman_vaults_stretched_pinwheel,
          vaults_room_guarded_vault, ontoclasm_vaults_misaligned,
          layout_vaults_maze_bifur
Vaults:5
Crypt:1:  layout_rooms, grunt_ministairs_8, uniq_aizul, uniq_xtahua
Crypt:2:  layout_misc_corridors, gammafunk_ghost_mausoleum
Crypt:3:  cryptofortress_bobbens
Depths:1: layout_gridlike, grunt_hell_entry_dis_mu, kennysheep_flooded_box,
          minmay_shop_grid_forest, chequers_serial_rivers_small_a,
          minmay_misc_feat_alley, serial_sigils_hangedman_quiver,
          minmay_hollow_rounded_squares
Depths:2: minmay_roctagon, layout_basic, gammafunk_ghost_cemetery, hellmouth_1,
          skrybe_limestone_x
Depths:3: hangedman_slaughterboxes, pan_entry, hell_entry, uniq_frederick
Depths:4: minmay_central_circle, layout_cave_pools, ziggurat_fallback,
          chequers_serial_rivers_small_b, hangedman_abyss_entry_splay,
          hell_entry, minmay_mirror_moons_of_madness, serial_bayou_shore_b
Depths:5: grunt_zot_entry_gee_three, layout_basic, hell_entry,
          serial_sigils_hangedman_gut, kilobyte_mutagenic_chamber
Zot:1:    layout_misc_corridors
Zot:2:    layout_gridlike, grunt_ministairs_1, grunt_megastairs_4
Zot:3:    layout_concentric_octagons, door_vault
Zot:4:    layout_gridlike
Zot:5:    layout_cathedral_of_symmetry, ebering_ghost_reflecting_pool,
          st_stairs_6

Skill      XL: |  1  2  3  4  5  6  7  8  9 10 11 12 13 14 15 16 17 18 19 20 21 22 23 24 25 26 27 |
---------------+----------------------------------------------------------------------------------+-----
Dodging        | 3 4 5 6 8 10 11 12 13 14 15 16 17 19 20 21 22 | 22.8
Conjurations   | 5 6 7 8 9 10 11 12 13 14 15 17 18 20 | 20.0
Fighting       | 1 2 3 4 5 7 9 10 11 12 13 14 15 17 18 20 | 20.3
Spellcasting   | 4 5 6 8 10 11 12 14 15 16 18 20 22 | 22.0
Translocations | 3 4 5 |  5.0
Poison Magic   | 3 6 8 |  8.0
Evocations     | 5 9 10 | 10.0
Fire Magic     | 2 7 10 12 14 15 16 17 19 20 | 20.0
Armour         | 3 7 8 9 11 13 16 | 16.2
Shields        | 1 4 |  4.0
Ice Magic      | 10 12 13 14 16 18 20 | 20.0
Staves         | 4 7 9 10 11 12 | 12.0
Stealth        | |  2.4

Action                   |  1- 3 |  4- 6 |  7- 9 | 10-12 | 13-15 | 16-18 | 19-21 | 22-24 | 25-27 || total
-------------------------+-------+-------+-------+-------+-------+-------+-------+-------+-------++-------
Melee: Short sword       |     8 |       |       |       |       |       |       |       |       ||     8
       Quarterstaff      |       |     6 |       |       |       |       |       |       |       ||     6
       Halberd           |       |       |    62 |   121 |       |       |       |       |       ||   183
       Staff             |       |       |       |    31 |   264 |   150 |   180 |   157 |   204 ||   986
Throw: Dart              |     4 |       |    16 |    18 |       |       |       |       |       ||    38
 Cast: Magic Dart        |    54 |    36 |   212 |    99 |    79 |       |       |       |       ||   480
       Searing Ray       |     3 |    16 |    57 |    71 |   107 |    10 |       |       |       ||   264
       Iskenderun's Myst |       |       |     2 |    31 |   106 |    73 |    82 |   124 |   108 ||   526
       Olgreb's Toxic Ra |       |       |       |    34 |    76 |     4 |       |       |       ||   114
       Fulminant Prism   |       |       |       |    10 |     3 |       |       |       |       ||    13
       Ignite Poison     |       |       |       |    15 |    31 |    39 |     3 |       |       ||    88
       Fireball          |       |       |       |     3 |    80 |    81 |     4 |       |       ||   168
       Starburst         |       |       |       |       |       |    88 |   160 |    69 |    31 ||   348
       Orb of Destructio |       |       |       |       |       |   157 |   157 |   342 |   285 ||   941
       Freezing Cloud    |       |       |       |       |       |     7 |     3 |     2 |       ||    12
       Blink             |       |       |       |       |       |     1 |       |     4 |     1 ||     6
       Ignition          |       |       |       |       |       |       |    66 |    68 |    80 ||   214
       Fire Storm        |       |       |       |       |       |       |       |     2 |    17 ||    19
       Absolute Zero     |       |       |       |       |       |       |       |       |    45 ||    45
 Abil: Evoke Invisibilit |       |       |       |       |       |       |       |       |     4 ||     4
Evoke: Wand              |       |       |       |     3 |     4 |    16 |    10 |     1 |     6 ||    40
       Lightning rod     |       |       |       |     1 |       |     4 |       |     4 |     4 ||    13
       Box of beasts     |       |       |       |       |     5 |     5 |       |     2 |       ||    12
       Staff of Olgreb   |       |       |       |       |       |    67 |     7 |       |       ||    74
       Phial of floods   |       |       |       |       |       |     2 |     2 |     1 |       ||     5
       Condenser vane    |       |       |       |       |       |     1 |     1 |     1 |     3 ||     6
       Tin of tremorston |       |       |       |       |       |       |     5 |     5 |     1 ||    11
  Use: Scroll            |     5 |       |    16 |     2 |    24 |    17 |     6 |     7 |    15 ||    92
       Potion            |       |     1 |       |       |     6 |    13 |     1 |     3 |     6 ||    30
 Stab: Sleeping          |       |       |     2 |     3 |     1 |     1 |       |       |     1 ||     8
       Petrified         |       |       |       |       |     4 |       |       |       |       ||     4
       Invisible         |       |       |       |       |       |       |       |       |     2 ||     2
Armor: Robe              |     3 |     6 |    15 |       |       |       |       |       |       ||    24
       Leather armour    |       |       |    25 |    59 |    54 |       |       |       |       ||   138
       Fire dragon scale |       |       |       |       |    67 |   105 |   157 |   142 |   146 ||   617
       Ice dragon scales |       |       |       |       |     3 |       |       |       |       ||     3
       Ring mail         |       |       |       |       |    51 |   122 |       |       |       ||   173
Dodge: Dodged            |     6 |    26 |   151 |   327 |   677 |   444 |   241 |   224 |   329 ||  2425
Block: Buckler           |       |       |       |       |    87 |   163 |   102 |    86 |    81 ||   519

Table legend: (Time is in decaauts)
 A = Elapsed time spent in this place.
 B = Non-inter-level travel time spent in this place.
 C = Inter-level travel time spent in this place.
 D = Time resting spent in this place.
 E = Time spent auto-exploring this place.
 F = Levels seen in this place.
 G = Mean time per level.
                   A        B        C        D        E       F      G
               +--------+--------+--------+--------+--------+-----+--------+
         Total |  99565 |  92871 |   6694 |  10947 |  69301 |  60 | 1659.4 |
       Dungeon |  21572 |  19047 |   2525 |    527 |  15986 |  15 | 1438.1 |
        Temple |    107 |     85 |     22 |      0 |     75 |   1 |  107.0 |
          Lair |   9538 |   8620 |    918 |    302 |   7299 |   6 | 1589.7 |
        Shoals |   7615 |   7437 |    178 |    909 |   5622 |   4 | 1903.8 |
   Spider Nest |   8049 |   7851 |    198 |   2465 |   4567 |   4 | 2012.2 |
    Slime Pits |   1650 |   1600 |     50 |    786 |    508 |   5 |  330.0 |
  Orcish Mines |   2500 |   2316 |    184 |    391 |   1510 |   2 | 1250.0 |
   Elven Halls |   6171 |   5930 |    241 |    636 |   4585 |   3 | 2057.0 |
        Vaults |  15118 |  14096 |   1022 |   1558 |  10745 |   5 | 3023.6 |
         Crypt |   5690 |   5622 |     68 |    533 |   4288 |   3 | 1896.7 |
        Depths |  12438 |  11383 |   1055 |   1151 |   8530 |   5 | 2487.6 |
           Zot |   7412 |   7183 |    229 |   1436 |   4617 |   5 | 1482.4 |
      Ice Cave |    845 |    845 |      0 |      2 |    573 |   1 |  845.0 |
       Volcano |    854 |    854 |      0 |    251 |    393 |   1 |  854.0 |
               +--------+--------+--------+--------+--------+-----+--------+

Top non-repeatable levels by time:
Depths:3: 4011 daAuts
Vaults:1: 3717 daAuts
Vaults:4: 3494 daAuts
Vaults:3: 2999 daAuts
Spider:2: 2740 daAuts
 Crypt:3: 2731 daAuts
Shoals:4: 2659 daAuts
Vaults:2: 2471 daAuts
Depths:5: 2440 daAuts
Vaults:5: 2435 daAuts
  Lair:6: 2369 daAuts
   Elf:3: 2362 daAuts
    D:14: 2279 daAuts
Depths:4: 2272 daAuts
   Elf:2: 2145 daAuts
